Map: Ley Lines

Players

Battlestar

  • Race: Zerg Zerg
  • League: Master
  • Spawn Location: 7:00

Sindyr - Winner!

  • Race: Terran Terran
  • League: Master
  • Spawn Location: 1:00

VOD

Have the link to the VOD?

Description

Time

  • Played on: Oct. 29, 2025, 12:10 a.m.
  • Length: 13:51
Show
View Real Time Build Order
Export as new Build Order

Battlestar Zerg 

Build Orders: Hatch First 

Get SALT Encoding   

  12  0:00  Drone  
  13  0:08  Drone  
  14  0:16  Overlord  
  14  0:40  Hatchery  
  13  0:47  Drone x2  
  15  0:52  Drone  
  15  0:56  Extractor  
  15  0:58  Extractor  
  15  1:00  Drone  
  15  1:10  Drone  
  16  1:20  Spawning Pool  
  15  1:28  Drone  
  16  1:34  Drone  
  17  1:43  Drone  
  19  1:54  Drone x2  
  20  2:04  Drone  
  20  2:05  Drone  
  22  2:10  Queen  
  22  2:13  Queen  
  26  2:22  Drone  
  27  2:27  Drone  
  27  2:29  Overlord  
  28  2:45  Spine Crawler  
  28  2:49  Spine Crawler  
  26  2:59  Drone  
  26  3:01  Drone x3  
  26  3:05  Overlord  
  30  3:06  Zergling x2  
  31  3:24  Drone  
  31  3:26  Zergling x2  
  31  3:27  Zergling x4  
  34  3:29  Lair  
  34  3:33  Zergling x2  
  36  3:37  Overlord  
  36  3:41  Extractor  
  35  3:44  Extractor, Drone x2  
  35  3:47  Overlord  
  36  3:56  Metabolic Boost  
  36  4:01  Drone  
  37  4:09  Drone  
  39  4:10  Drone x5  
  43  4:20  Drone x3  
  46  4:34  Spire  
  46  4:36  Drone x3  
  48  4:54  Drone x4  
  48  4:57  Overlord x2  
  48  4:58  Overlord  
  49  5:30  Zergling x4  
  49  5:31  Zergling x8  
  55  5:47  Mutalisk x2  
  55  5:48  Mutalisk x4  
  67  6:03  Hatchery  
  66  6:14  Hatchery  
  66  6:15  Hydralisk Den  
  66  6:16  Mutalisk x6  
  75  6:37  Overlord x2  
  75  6:38  Overlord  
  75  6:49  Overlord x3  
  68  7:34  Zergling x14, Mutalisk x2  
  68  7:35  Zergling x2, Mutalisk x2  
  84  7:44  Drone  
  84  7:45  Drone x2  
  84  7:46  Drone x2  
  85  8:29  Drone x3  
  85  8:31  Drone x3  
  91  8:36  Extractor  
  91  8:38  Extractor  
  91  8:41  Hydralisk x6  
  89  8:45  Muscular Augments  
  75  9:28  Hydralisk x6  
  75  9:29  Hydralisk x2, Mutalisk x4  
  75  9:30  Mutalisk x2  
  103  9:42  Queen  
  103  9:44  Queen  
  107  9:48  Zergling x8  
  111  9:58  Evolution Chamber  
  110  10:09  Zergling x2  
  110  10:10  Zergling x14  
  110  10:11  Zergling x8  
  122  10:38  Hydralisk x3, Mutalisk x2  
  122  10:39  Mutalisk x2  
  122  10:40  Overlord x3  
  122  10:41  Overlord  
  84  11:15  Zergling x16  
  84  11:16  Zergling x2  
  93  11:20  Hydralisk x6  
  103  12:00  Hydralisk  
  103  12:01  Hydralisk x5  
  105  12:02  Zergling x6  
  105  12:03  Zergling x6  
  120  12:29  Hydralisk x2  
  109  12:30  Hydralisk x8  
  109  12:31  Zergling x2  
  109  12:32  Zergling x10  
  112  12:45  Hydralisk x5  
  81  13:00  Zergling x8  
Show
View Real Time Build Order
Export as new Build Order

Sindyr Terran - Winner!

Build Orders:  

Get SALT Encoding   

  12  0:02  SCV  
  14  0:14  SCV  
  14  0:18  Supply Depot  
  14  0:26  SCV  
  15  0:40  SCV  
  15  0:42  Barracks  
  16  0:50  Refinery  
  16  0:52  SCV  
  18  1:04  SCV  
  18  1:16  SCV  
  19  1:31  Orbital Command  
  19  1:36  Barracks Tech Lab  
  19  1:47  Command Center  
  19  1:58  SCV  
  20  2:09  Supply Depot, Stimpack  
  20  2:10  SCV  
  20  2:12  Marine  
  22  2:22  SCV  
  23  2:34  SCV  
  24  2:37  Barracks  
  24  2:43  Refinery  
  24  2:46  SCV  
  24  2:47  Marine  
  26  2:58  SCV  
  26  3:04  Marine  
  28  3:09  Engineering Bay  
  28  3:12  Factory  
  28  3:15  SCV  
  29  3:25  Orbital Command  
  30  3:27  SCV  
  30  3:33  Barracks Reactor  
  30  3:37  Barracks  
  30  3:39  SCV  
  31  3:50  Engineering Bay  
  31  3:51  SCV  
  31  3:53  Supply Depot  
  32  3:57  Starport  
  32  3:58  Factory Reactor  
  32  4:03  SCV  
  32  4:08  Marine  
  34  4:13  SCV  
  34  4:15  SCV  
  36  4:19  Marine x2  
  38  4:25  SCV  
  38  4:26  Terran Infantry Weapons Level 1, Terran Infantry Armor Level 1  
  38  4:27  SCV  
  40  4:38  SCV  
  41  4:39  SCV  
  42  4:46  Factory Tech Lab  
  42  4:50  SCV, Medivac x2  
  42  4:51  SCV  
  42  4:52  Marine  
  49  4:53  Command Center  
  49  5:00  Refinery  
  49  5:01  Refinery  
  49  5:02  SCV  
  49  5:03  SCV  
  51  5:08  Supply Depot  
  51  5:10  Supply Depot  
  48  5:14  SCV  
  48  5:16  SCV  
  48  5:18  Marine x3  
  50  5:32  Barracks Reactor  
  49  5:36  Marine x3  
  49  5:39  Bunker, Siege Tank  
  49  5:40  Bunker  
  55  5:48  Barracks  
  55  5:50  SCV x2  
  57  5:58  Armory  
  57  6:02  SCV x2  
  59  6:14  SCV  
  59  6:15  SCV  
  59  6:17  Marine  
  59  6:18  Marine x4  
  64  6:26  SCV  
  64  6:27  SCV  
  64  6:28  Siege Tank  
  69  6:35  Marine x2  
  69  6:36  Orbital Command  
  71  6:40  SCV x2  
  71  6:46  Bunker  
  73  6:47  Terran Infantry Weapons Level 2, Terran Infantry Armor Level 2, Bunker  
  73  6:51  Barracks Reactor  
  73  6:52  SCV x2  
  73  6:53  Barracks Tech Lab  
  74  7:04  SCV x3  
  77  7:10  Marine x3  
  77  7:11  Marine x3  
  73  7:16  SCV x2  
  73  7:19  Viking x2  
  72  7:28  Marine x4  
  72  7:29  Marine x2  
  75  7:35  Thor  
  76  7:46  Marine x5  
  76  7:47  Marine  
  82  7:55  Viking x2  
  86  8:01  Supply Depot  
  86  8:03  Supply Depot  
  86  8:04  Marine x3  
  79  8:21  Missile Turret x2  
  79  8:22  Missile Turret x2  
  79  8:32  Missile Turret x2  
  79  8:33  Missile Turret  
  79  8:35  Missile Turret  
  79  8:36  Command Center  
  79  8:43  Medivac  
  79  8:45  Medivac  
  77  9:18  Marine  
  75  9:28  Marine  
  76  9:31  Command Center  
  76  9:38  Terran Infantry Weapons Level 3, Terran Infantry Armor Level 3  
  76  9:49  Orbital Command  
  76  10:05  Refinery x2  
  76  10:07  Marine x6  
  76  10:09  Thor  
  76  10:10  Medivac x2  
  92  10:20  Barracks  
  91  10:23  Barracks  
  91  10:24  Marine  
  91  10:25  Marine x3, Starport  
  95  10:42  Medivac  
  95  10:43  Medivac  
  95  10:49  Missile Turret  
  99  10:50  SCV  
  99  10:51  Missile Turret  
  100  10:57  Combat Shield  
  100  10:58  Supply Depot  
  100  11:00  Supply Depot  
  100  11:02  SCV  
  94  11:04  Marine  
  94  11:05  Marine x5  
  86  11:12  Missile Turret  
  86  11:14  SCV  
  87  11:20  SCV x2  
  87  11:22  Marine x2  
  87  11:23  Marine x4, Starport Tech Lab  
  87  11:25  Barracks Reactor x2  
  95  11:26  SCV  
  95  11:30  Medivac x2  
  101  11:32  SCV  
  101  11:33  SCV  
  101  11:38  SCV  
  103  11:40  Marine x6  
  103  11:44  SCV  
  103  11:45  SCV  
  111  11:50  Orbital Command  
  111  11:51  SCV  
  112  11:57  SCV  
  112  11:58  Marine x4  
  112  12:00  SCV  
  118  12:03  SCV  
  118  12:05  Missile Turret  
  118  12:07  Marine x2  
  118  12:08  Marine, Marauder x2  
  126  12:12  SCV  
  126  12:15  SCV  
  123  12:24  SCV  
  123  12:27  SCV  
  123  12:29  Marauder x2  
  129  12:31  Marine x4  
  129  12:32  Marine  
  133  12:38  Viking x3  
  124  12:51  Marauder x2  
  120  12:57  Marine x4  
  107  13:08  Viking x2  
  107  13:12  Marauder x2  
  108  13:22  Marine x2  
  108  13:23  Marine x5  
  108  13:24  Marine  
Tags
 
Matchup
TvZ
Replay Pack
Multiplayer
Spawn Locations
Cross Positions
Add a new tag
Caveats
  • Supply blocks, unpowered buildings, or Contaminate may cause inaccurate times.
  • Supply counts are checked every 10 seconds.